 Dungeon Sprint DCSS version 0.31-a0-66-ge618eeaa78 (webtiles) character file.

Game seed: 14038796094754902812

28706 rocky1 the Phalangite (level 13, -11/133 HPs)
             Began as a Minotaur Gladiator on May 22, 2023.
             Was the Champion of Cheibriados.
             Mangled by a naga warrior
             ... wielding a +0 halberd
              (12 damage)
             ... in the Dungeon (Sprint VII: "The Pits").
             The game lasted 00:09:35 (4188 turns).

rocky1 the Phalangite (Minotaur Gladiator)          Turns: 4188, Time: 00:09:35

Health: -11/133    AC: 21    Str: 37    XL:     13   Next: 11%
Magic:  19/24      EV: 21    Int: 20    God:    Cheibriados [******]
Gold:   36         SH:  0    Dex: 29    Spells: 12/12 levels left

rFire   . . .        v - +2 halberd (venom)
rCold   . . .        (shield currently unavailable)
rNeg    + . .        o - +2 plate armour
rPois   .            c - +0 hat
rElec   .            (no cloak)
rCorr   .            (no gloves)
SInv    .            (no boots)
Will    .....        (no amulet) Stlth
                     q - +3 ring of evasion
HPRegen 0.42/turn    z - ring of positive energy
MPRegen 0.19/turn

%: no teleportation
@: very slow
A: horns 2, retaliatory headbutt
a: Renounce Religion, Bend Time, Temporal Distortion, Slouch, Step From Time


You were in the Dungeon.
You worshipped Cheibriados.
Cheibriados was exalted by your worship.
You visited 1 branch You collected 36 gold pieces.

Inventory:

Hand Weapons
 a - a +0 trident
 p - a +1 heavy trident
 u - a +2 heavy morningstar
 v - a +2 halberd of venom (weapon)
 A - a +2 triple sword of holy wrath
Missiles
 d - 2 throwing nets (quivered)
 e - a javelin
Armour
 b - a +0 leather armour
 c - a +0 hat (worn)
 o - a +2 plate armour (worn)
Jewellery
 q - a +3 ring of evasion (left hand)
 r - a +3 ring of intelligence
 y - a ring of fire
 z - a ring of positive energy (right hand)
Wands
 F - a wand of flame (6)
 G - a wand of iceblast (7)
Scrolls
 k - 2 scrolls of blinking
 m - 5 scrolls of amnesia
 n - a scroll of butterflies
 w - a scroll of brand weapon
 B - 4 scrolls of enchant weapon
 C - 4 scrolls of fear
 E - a scroll of identify
Potions
 f - 14 potions of curing
 g - 4 potions of heal wounds
 h - 2 potions of haste
 i - 3 potions of magic
 j - 7 potions of berserk rage
 l - 2 potions of invisibility
 s - 2 potions of mutation
 t - a potion of might
 x - a potion of cancellation
 D - a potion of resistance


   Skills:
 + Level 17.4 Fighting
 + Level 21.5 Polearms
 + Level 4.1 Throwing
 + Level 20.5 Armour
 + Level 10.0 Dodging
 + Level 5.0 Stealth
 - Level 17.1 Invocations


You had 12 spell levels left.
You didn't know any spells.
Your spell library contained the following spells:

 Spells                   Type           Power      Damage    Failure   Level
 Ensorcelled Hibernation  Hex/Ice        0%         N/A       65%         2
 Spider Form              Tmut/Pois      0%         N/A       87%         3
 Anguish                  Hex/Necr       0%         N/A       99%         4
 Animate Dead             Necr           0%         N/A       99%         4
 Petrify                  Tmut/Erth      0%         N/A       99%         4
 Borgnjor's Vile Clutch   Necr/Erth      0%         N/A       100%        5


Dungeon Overview and Level Annotations

Branches:
Dungeon (1/1)

Altars:
Ashenzari
Cheibriados
Dithmenos
Elyvilon
Fedhas
Gozag
Hepliaklqana
Kikubaaqudgha
Makhleb
Nemelex Xobeh
Okawaru
Qazlal
Ru
Sif Muna
Trog
Uskayaw
Vehumet
Wu Jian
Xom
Yredelemnul
Zin
The Shining One
Jiyva
Lugonu


Innate Abilities, Weirdness & Mutations

You have a pair of horns on your head.
You reflexively headbutt those who attack you in melee.


Message History

The vault guard hits you with a +0 battleaxe!
You slash the vault guard! You headbutt the vault guard!
You kill the vault guard!
Cheibriados appreciates the change of pace.
The hell hog bites you.
The naga warrior hits you from afar with a +0 halberd!
Unknown command.
Activating: Slouch (0% risk of failure)
Press: ? - help, Dir - look around, f - activate You can feel time thicken for a moment.
The hell hog breathes fire at you.
The fireball explodes!
The fireball engulfs you!!!
* * * LOW HITPOINT WARNING * * *
The fireball engulfs the hell hog.
The hell hog completely resists.
The fireball engulfs the hell hog.
The hell hog completely resists.
The hell hog barely misses you. The hell hog misses you.
You furiously retaliate!
You headbutt the hell hog!!
The naga warrior hits you but does no damage.
Unknown command.
You hit the hell hog.
The hell hog is poisoned.
You headbutt the hell hog!
The hell hog is almost dead.
The hell hog bites you.
* * * LOW HITPOINT WARNING * * *
The hell hog bites you but does no damage.
Unknown command.
You hit the hell hog.
The hell hog looks as sick as possible!
The hell hog is almost dead.
The naga warrior hits you from afar with a +0 halberd!
* * * LOW HITPOINT WARNING * * *
The hell hog barely misses you. The hell hog completely misses you.
Unknown command.
You feel much better. The hell hog bites you!
* * * LOW HITPOINT WARNING * * *
The hell hog breathes fire at you.
The fireball explodes!
The fireball engulfs you!!
* * * LOW HITPOINT WARNING * * *
The fireball engulfs the hell hog.
The hell hog completely resists.
The fireball engulfs the hell hog.
The hell hog completely resists.
The naga warrior hits you from afar with a +0 halberd!
You die...

......# ......# ...#..# ......+
......+ ####''#
####''###########################
..##...).........h.......).......
#.##............@hN....))).......
+.##..##############''###########
# ##..# #..)))...# + #..#
#...)....# # #..# ####).#### #
#..# ..). #..# ).... #..# .....
####).# ##..###


You could see a naga warrior and 2 hell hogs.

Vanquished Creatures
  A shadow dragon (D)
  2 orc warlords (D)
  A merfolk impaler (D)
  A fire dragon (D)
  A great orb of eyes (D)
  3 ice dragons (D)
  A merfolk avatar (D)
  Erolcha (D)
  A vault guard (D)
  A two-headed ogre (D)
  A death knight (D)
  An anaconda (D)
  A boulder beetle (D)
  2 death yaks (D)
  2 naga warriors (D)
  A hell hog (D)
  A bog body (D)
  A flayed ghost (D)
  A deep elf pyromancer (D)
  A deep elf zephyrmancer (D)
  8 orc knights (D)
  An elephant (D)
  A gargoyle (D)
  A demonic crawler (D)
  A smoke demon (D)
  An orange demon (D)
  A molten gargoyle (D)
  A cane toad (D)
  2 rime drakes (D)
  2 unseen horrors (D)
  2 komodo dragons (D)
  2 guardian mummies (D)
  An ice devil (D)
  3 merfolk (D)
  A wandering mushroom (D)
  A tyrant leech (D)
  2 red devils (D)
  A hornet (D)
  A snapping turtle (D)
  A flying skull (D)
  2 spriggans (D)
  Eustachio (D)
  5 yaks (D)
  A wraith (D)
  Menkaure (D)
  3 nagas (D)
  2 floating eyes (D)
  An orc warrior (D)
  3 sky beasts (D)
  2 ogres (D)
  11 wolves (D)
  A scorpion (D)
  4 killer bees (D)
  A crimson imp (D)
  2 quasits (D)
  A gnoll bouda (D)
  An orc priest (D)
  A jelly (D)
  An orc wizard (D)
  2 mummies (D)
  5 gnolls (D)
  A river rat (D)
  An ufetubus (D)
  2 adder skeletons (D)
  A worm (D)
  7 orcs (D)
  A bat skeleton (D)
  An endoplasm (D)
  A giant cockroach (D)
  A hobgoblin (D)
  5 jackals (D)
  2 ball pythons (D)
  A ball python skeleton (D)
  A bat (D)
  2 bat simulacra (D)
  A giant cockroach zombie (D)
138 creatures vanquished.

Notes
Turn   | Place    | Note
-------+----------+-------------------------------------------
     0 | D        | rocky1 the Minotaur Gladiator began the quest for the Orb.
     0 | D        | Reached XP level 1. HP: 18/18 MP: 0/0
    11 | D        | Noticed a rime drake
    25 | D        | Reached skill level 4 in Polearms
    29 | D        | Found a bloodstained altar of Trog.
    29 | D        | Found a shimmering blue altar of Sif Muna.
    29 | D        | Found a viscous altar of Jiyva.
    29 | D        | Found a hazy altar of Hepliaklqana.
    29 | D        | Found an opulent altar of Gozag.
    30 | D        | Found a glowing golden altar of the Shining One.
    30 | D        | Found a glowing silver altar of Zin.
    30 | D        | Found a basalt altar of Yredelemnul.
    30 | D        | Found a shimmering altar of Xom.
    30 | D        | Found an ornate altar of the Wu Jian Council.
    30 | D        | Found a sacrificial altar of Ru.
    30 | D        | Found a stormy altar of Qazlal.
    30 | D        | Found an iron altar of Okawaru.
    30 | D        | Found a sparkling altar of Nemelex Xobeh.
    30 | D        | Found a burning altar of Makhleb.
    30 | D        | Found a blossoming altar of Fedhas.
    30 | D        | Found a white marble altar of Elyvilon.
    30 | D        | Found a shadowy altar of Dithmenos.
    30 | D        | Found a snail-covered altar of Cheibriados.
    32 | D        | Found a radiant altar of Vehumet.
    32 | D        | Found a corrupted altar of Lugonu.
    33 | D        | Found a hide-covered altar of Uskayaw.
    33 | D        | Found an ancient bone altar of Kikubaaqudgha.
    33 | D        | Found a broken altar of Ashenzari.
    47 | D        | Became a worshipper of Cheibriados the Contemplative
    93 | D        | Reached XP level 2. HP: 23/26 MP: 1/1
   109 | D        | Reached * piety under Cheibriados
   112 | D        | Reached ** piety under Cheibriados
   321 | D        | Noticed a scorpion
   332 | D        | Killed a scorpion
   333 | D        | Reached skill level 6 in Polearms
   333 | D        | Reached skill level 5 in Dodging
   333 | D        | Reached skill level 1 in Stealth
   333 | D        | Reached XP level 3. HP: 17/33 MP: 2/2
   333 | D        | Reached XP level 4. HP: 20/40 MP: 3/3
   333 | D        | Reached *** piety under Cheibriados
   343 | D        | Reached **** piety under Cheibriados
   350 | D        | Reached skill level 7 in Polearms
   484 | D        | Reached ***** piety under Cheibriados
   496 | D        | Reached skill level 1 in Invocations
   503 | D        | Reached ****** piety under Cheibriados
   504 | D        | Reached skill level 8 in Polearms
   504 | D        | Reached XP level 5. HP: 47/47 MP: 5/5
   786 | D        | Noticed a floating eye
   788 | D        | Killed a floating eye
   789 | D        | Reached skill level 5 in Fighting
   789 | D        | Reached skill level 9 in Polearms
   797 | D        | Noticed a deep elf zephyrmancer
   800 | D        | Killed a deep elf zephyrmancer
   801 | D        | Reached skill level 11 in Polearms
   801 | D        | Reached skill level 5 in Invocations
   801 | D        | Reached XP level 6. HP: 60/60 MP: 6/9
   801 | D        | Reached XP level 7. HP: 66/66 MP: 6/10
   837 | D        | Noticed Menkaure
   842 | D        | Killed Menkaure
   842 | D        | Paralysed by a floating eye for 4 turns
   843 | D        | Reached skill level 12 in Polearms
   967 | D        | Noticed a boulder beetle
   969 | D        | Reached XP level 8. HP: 74/74 MP: 5/11
   977 | D        | Killed a boulder beetle
   978 | D        | Reached skill level 13 in Polearms
  1075 | D        | Noticed a guardian mummy
  1081 | D        | Killed a guardian mummy
  1082 | D        | Reached skill level 14 in Polearms
  1085 | D        | Killed a rime drake
  1086 | D        | Reached XP level 9. HP: 76/83 MP: 12/14
  1215 | D        | Reached skill level 15 in Polearms
  1215 | D        | Reached skill level 10 in Armour
  1376 | D        | Killed an unseen horror
  1455 | D        | Noticed a komodo dragon
  1457 | D        | Killed a komodo dragon
  1458 | D        | Reached skill level 10 in Fighting
  1470 | D        | Noticed a guardian mummy
  1474 | D        | Reached skill level 5 in Stealth
  1480 | D        | Killed a guardian mummy
  1481 | D        | Reached skill level 16 in Polearms
  1721 | D        | Reached XP level 10. HP: 94/94 MP: 16/16
  1721 | D        | Noticed a death yak
  1721 | D        | Noticed a flayed ghost
  1725 | D        | Killed a flayed ghost
  1726 | D        | Reached skill level 10 in Invocations
  1734 | D        | Killed a death yak
  1739 | D        | Reached skill level 17 in Polearms
  1949 | D        | Reached skill level 10 in Dodging
  2032 | D        | Noticed a naga warrior
  2032 | D        | Noticed Eustachio
  2036 | D        | Noticed a naga warrior
  2042 | D        | Killed Eustachio
  2056 | D        | Killed a naga warrior
  2069 | D        | Reached skill level 18 in Polearms
  2075 | D        | Killed a naga warrior
  2076 | D        | Reached XP level 11. HP: 32/106 MP: 18/18
  2403 | D        | Noticed a great orb of eyes
  2410 | D        | Noticed a bog body
  2411 | D        | Noticed an ice dragon
  2412 | D        | Noticed a death knight
  2414 | D        | Killed a bog body
  2414 | D        | Killed a great orb of eyes
  2415 | D        | Reached skill level 15 in Armour
  2416 | D        | Killed an ice dragon
  2420 | D        | Killed a death knight
  2425 | D        | Reached skill level 19 in Polearms
  2912 | D        | Noticed a death yak
  2920 | D        | Killed a death yak
  2960 | D        | Noticed Erolcha
  2964 | D        | Killed Erolcha
  2965 | D        | Reached skill level 15 in Fighting
  2979 | D        | Noticed a deep elf pyromancer
  2979 | D        | Noticed an anaconda
  2982 | D        | Killed an anaconda
  2986 | D        | Killed a deep elf pyromancer
  2987 | D        | Reached XP level 12. HP: 117/121 MP: 21/21
  3106 | D        | Noticed a fire dragon
  3106 | D        | Noticed a shadow dragon
  3106 | D        | Noticed an ice dragon
  3106 | D        | Noticed a two-headed ogre
  3106 | D        | Noticed a merfolk avatar
  3110 | D        | Killed a two-headed ogre
  3110 | D        | Killed a fire dragon
  3111 | D        | Reached skill level 15 in Invocations
  3121 | D        | Killed an ice dragon
  3123 | D        | Killed a shadow dragon
  3124 | D        | Reached skill level 20 in Polearms
  3125 | D        | Killed a merfolk avatar
  3311 | D        | Noticed a merfolk impaler
  3323 | D        | Killed a merfolk impaler
  3907 | D        | Noticed an ice dragon
  3907 | D        | Noticed an orc warlord
  3908 | D        | Noticed an orc warlord
  3913 | D        | Reached skill level 21 in Polearms
  3915 | D        | Killed an orc warlord
  3916 | D        | Killed an ice dragon
  3917 | D        | Reached XP level 13. HP: 68/132 MP: 4/24
  3917 | D        | Killed an orc warlord
  4187 | D        | HP: 4/133 [naga warrior/+0 halberd (12)]
  4188 | D        | HP: 1/133 [hell hog/fireball (18)]
  4188 | D        | Mangled by a naga warrior

Illustrated notes

Levels and vault maps discovered:
D:        pitsprint [storerooms_1, entrance_room_1, metal_vault_8, armoury_2,
          mini_pit_1, grid_room_1, main_hall_1, silver_pit, the_coven_3,
          the_vestibule_1, steel_vault_2, golden_pit, hallway_of_sentries,
          crystal_vault_5, iron_vault_1, final_vault]

Skill      XL: |  1  2  3  4  5  6  7  8  9 10 11 12 13 |
---------------+----------------------------------------+-----
Polearms       | 4 6 8 11 12 14 16 18 19 21 | 21.5
Dodging        | 4 5 6 8 9 10 | 10.0
Fighting       | 3 4 7 9 10 12 15 17 | 17.4
Armour         | 2 3 6 7 9 11 14 17 19 20 | 20.5
Stealth        | 1 3 4 5 |  5.0
Throwing       | 3 4 |  4.1
Invocations    | 2 5 6 8 9 11 14 17 | 17.1

Action                     |  1- 3 |  4- 6 |  7- 9 | 10-12 | 13-15 || total
---------------------------+-------+-------+-------+-------+-------++-------
  Melee: Trident           |    28 |    35 |    16 |       |       ||    79
         Headbutt          |     4 |     1 |    19 |    27 |     3 ||    54
         Punch             |       |       |     1 |       |       ||     1
         Halberd           |       |       |    68 |   177 |    10 ||   255
  Throw: Throwing net      |     2 |       |       |       |       ||     2
 Invoke: Slouch            |       |       |     1 |    16 |     1 ||    18
    Use: Potion            |       |       |       |    11 |     1 ||    12
   Stab: Held in net/web   |     1 |       |       |       |       ||     1
         Sleeping          |     1 |       |       |       |       ||     1
 Armour: Leather armour    |     5 |     3 |       |       |       ||     8
         Plate armour      |       |    17 |    45 |    75 |     3 ||   140
  Dodge: Dodged            |    16 |    31 |    54 |   158 |    11 ||   270

Table legend: (Time is in decaauts)
 A = Elapsed time spent in this place.
 B = Non-inter-level travel time spent in this place.
 C = Inter-level travel time spent in this place.
 D = Time resting spent in this place.
 E = Time spent auto-exploring this place.
 F = Levels seen in this place.
 G = Mean time per level.
                   A        B        C        D        E       F      G
               +--------+--------+--------+--------+--------+-----+--------+
         Total |   4711 |   4588 |    123 |   3089 |      0 |   1 | 4711.0 |
       Dungeon |   4711 |   4588 |    123 |   3089 |      0 |   1 | 4711.0 |
               +--------+--------+--------+--------+--------+-----+--------+

Top non-repeatable levels by time:
       D: 4711 daAuts
